 Dungeon Crawl Stone Soup version 0.28.0-45-g0d030f2227 (webtiles) character file.

Game seed: 12574708745693477720

981 Descartes the Ruffian (level 7, 0/62 HPs)
             Began as a Troll Warper on Apr 5, 2022.
             Was a Priest of Lugonu.
             Succumbed to Blork the orc's poison
             ... on level 6 of the Dungeon.
             The game lasted 00:04:21 (3093 turns).

Descartes the Ruffian (Troll Warper)                Turns: 3093, Time: 00:04:21

Health: 0/62       AC:  5    Str: 20    XL:     7   Next: 96%
Magic:  7/7        EV: 10    Int: 11    God:    Lugonu [***...]
Gold:   297        SH:  0    Dex:  9    Spells: 8/8 levels left

rFire   + . .      SeeInvis .     - Unarmed
rCold   . . .      Faith    .   (no shield)
rNeg    + . .      Spirit   .   a - +0 robe
rPois   .          Reflect  .   (helmet restricted)
rElec   .          Harm     .   s - +0 cloak
rCorr   .          Rampage  .   (gloves unavailable)
Will    .....                   (boots unavailable)
Stlth   +.........              p - amulet of the acrobat
HPRegen 1.00/turn               n - ring of protection from fire
MPRegen 0.10/turn               l - ring of positive energy

@: lethally poisoned (0 -> -19)
A: large, unfitting armour, claws 3, regeneration 1, shaggy fur 1, tough skin 1
a: Renounce Religion, Depart the Abyss, Bend Space, Banish


You were on level 6 of the Dungeon.
You worshipped Lugonu.
Lugonu was most pleased with you.
You visited 1 branch of the dungeon, and saw 6 of its levels.

You collected 297 gold pieces.

Inventory:

Missiles
 c - 5 boomerangs of dispersal (quivered)
 f - 14 poisoned darts
 g - 247 stones
 j - 8 boomerangs
Armour
 a - a +0 robe (worn)
 s - a +0 cloak (worn)
Jewellery
 l - a ring of positive energy (right claw)
 n - a ring of protection from fire (left claw)
 p - an amulet of the acrobat (around neck)
 u - an amulet of guardian spirit
Wands
 B - a wand of charming (9)
Scrolls
 b - 2 scrolls of blinking
 d - 2 scrolls of teleportation {unknown}
 e - a scroll of enchant armour {unknown}
 i - a scroll of noise {unknown}
 k - 2 scrolls of fear {unknown}
 r - a scroll of vulnerability {unknown}
 x - a scroll of torment {unknown}
 y - a scroll of silence {unknown}
 z - 4 scrolls of identify {unknown}
 A - a scroll of amnesia {unknown}
Potions
 h - 5 potions of might
 m - a potion of curing {unknown}
 o - 3 potions of heal wounds {unknown}
 q - a potion of magic {unknown}
 t - a potion of attraction {unknown}
 v - 2 potions of resistance {unknown}
 w - a potion of haste {unknown}


   Skills:
 - Level 1.5 Fighting
 - Level 0.8 Throwing
 + Level 4.7 Dodging
 + Level 5.6 Unarmed Combat
 - Level 1.2 Spellcasting
 + Level 4.5 Translocations


You had 8 spell levels left.
You didn't know any spells.
Your spell library contained the following spells:

 Spells                   Type           Power      Damage    Failure   Level
 Blink                    Tloc           20%        N/A       8%          2
 Gell's Gravitas          Tloc           10%        N/A       14%         3
 Lesser Beckoning         Tloc           10%        N/A       14%         3
 Teleport Other           Tloc           10%        N/A       14%         3
 Sandblast                Erth           0%         2d4       32%         1
 Passwall                 Tmut/Erth      0%         N/A       43%         2
 Stone Arrow              Conj/Erth      0%         3d7       67%         3
 Manifold Assault         Tloc           10%        N/A       80%         5


Dungeon Overview and Level Annotations

Branches:
Dungeon (6/15)
 Temple: D:4-7

Altars:
Lugonu

Shops:
D:3 (

Annotations:
D:6 Blork the orc


Innate Abilities, Weirdness & Mutations

You are too large for most types of armour.
You have claws for hands.
Your natural rate of healing is unusually fast.
You are covered in fur. (AC +1)
You have tough skin. (AC +1)


Message History

Blork the orc gestures at you while chanting.
The puff of frost hits you!
* * * LOW HITPOINT WARNING * * *
You are too injured to fight recklessly!
You are too injured to fight recklessly!
You are too injured to fight recklessly!
You are too injured to fight recklessly!
You are too injured to fight recklessly!
You are too injured to fight recklessly!
You are too injured to fight recklessly!
You are too injured to fight recklessly!
You are too injured to fight recklessly!
You are too injured to fight recklessly!
You are too injured to fight recklessly!
You are too injured to fight recklessly!
You are too injured to fight recklessly!
You are too injured to fight recklessly!
You are too injured to fight recklessly!
You are too injured to fight recklessly!
You are too injured to fight recklessly!
You are too injured to fight recklessly!
You claw Blork the orc!
Blork the orc is severely wounded.
* * * LOW HITPOINT WARNING * * *
You feel very sick. Blork the orc completely misses you.
Blork the orc casts a spell at you.
The puff of flame hits you but does no damage.
You resist.
You scratch Blork the orc.
Blork the orc is almost dead.
* * * LOW HITPOINT WARNING * * *
You feel very sick.
Blork the orc screams, "I'll make a cloak from your skin!"
Blork the orc hits you with a +2 short sword of venom.
* * * LOW HITPOINT WARNING * * *
You are more poisoned.
You scratch Blork the orc but do no damage.
Blork the orc is almost dead.
You die...

#(..# #...# ###...#
..#...# #.#...#
#.#...# #.#...#
######.#...######..
#....>.....@oJZ....
#.###.##...####.#..
#.# #.###### #.#
#.# #.###.# #.....#
####..# #..#####..
#.........


You could see Blork the orc (fast), a jelly and a bullfrog skeleton.

Vanquished Creatures
  Grinder (D:3)
  Menkaure (D:6)
  2 black bears
  A sky beast (D:6)
  An ogre (D:6)
  A howler monkey (D:6)
  A bullfrog zombie (D:6)
  A bullfrog skeleton (D:5)
  An orc priest (D:6)
  Jessica (D:3)
  An iguana (D:5)
  A killer bee zombie (D:5)
  A gnoll (D:1)
  4 adders
  2 worms
  A dart slug (D:3)
  10 orcs
  6 endoplasms
  3 giant cockroaches
  3 hobgoblins
  8 jackals
  2 quokkas
  6 ball pythons
  6 bats
  A frilled lizard (D:2)
  10 kobolds
  5 rats
81 creatures vanquished.

Notes
Turn   | Place    | Note
-------+----------+-------------------------------------------
     0 | D:1      | Descartes the Troll Warper began the quest for the Orb.
     0 | D:1      | Reached XP level 1. HP: 19/19 MP: 1/1
    54 | D:1      | Reached XP level 2. HP: 8/27 MP: 2/2
   182 | D:1      | Reached XP level 3. HP: 33/33 MP: 3/3
   291 | D:1      | Found a faded altar of an unknown god.
   420 | D:1      | Prayed at the altar of an unknown god.
   420 | D:1      | Became a worshipper of Lugonu the Unformed
   420 | D:1      | Reached * piety under Lugonu
   420 | D:1      | Reached ** piety under Lugonu
   552 | D:2      | Noticed a black bear
   574 | D:2      | Killed a black bear
   575 | D:2      | Reached skill level 3 in Unarmed Combat
   575 | D:2      | Reached XP level 4. HP: 8/41 MP: 4/4
   673 | D:2      | Reached XP level 5. HP: 48/48 MP: 5/5
  1356 | D:3      | Noticed Grinder
  1361 | D:3      | Paralysed by Grinder for 2 turns
  1374 | D:3      | Reached *** piety under Lugonu
  1377 | D:3      | Killed Grinder
  1378 | D:3      | Reached skill level 4 in Unarmed Combat
  1378 | D:3      | Reached XP level 6. HP: 13/55 MP: 6/6
  1454 | D:3      | Noticed Jessica
  1459 | D:3      | Killed Jessica
  1607 | D:3      | Found Seoweeci's Weapon Shop.
  2283 | D:5      | Entered Level 5 of the Dungeon
  2729 | D:5      | Reached XP level 7. HP: 62/62 MP: 7/7
  2849 | D:6      | Noticed Menkaure
  2856 | D:6      | Killed Menkaure
  2857 | D:6      | Reached skill level 5 in Unarmed Combat
  3081 | D:6      | Noticed Blork the orc
  3093 | D:6      | Succumbed to Blork the orc's poison

Illustrated notes

Levels and vault maps discovered:
D:1:      lightli_molten_gateway, layout_rooms, ebering_ecumenical_altar_hall
D:2:      layout_loops_ring
D:3:      layout_loops_ring, serial_shops, shop, uniq_grinder, uniq_jessica
D:4:      layout_rooms
D:5:      layout_gridville
D:6:      layout_basic, mainiacjoe_overflow_two_lobes,
          minmay_temple_entry_junction, uniq_menkaure, uniq_blork_the_orc

Skill      XL: |  1  2  3  4  5  6  7 |
---------------+----------------------+-----
Dodging        | 2 3 4 |  4.7
Unarmed Combat | 3 4 5 |  5.6
Translocations | 3 4 |  4.5
Fighting       | |  1.5
Throwing       | |  0.8
Spellcasting   | |  1.2

Action                   |  1- 3 |  4- 6 |  7- 9 || total
-------------------------+-------+-------+-------++-------
Melee: Unarmed           |    80 |   145 |    45 ||   270
       Punch             |       |     1 |       ||     1
Armor: Robe              |    60 |    49 |    11 ||   120
Dodge: Dodged            |    81 |    82 |    12 ||   175
